 Dungeon Crawl Stone Soup version 0.27-a0-96-gb51a1d6fd6 (webtiles) character file.

Game seed: 16455919262969704562

1959 knot the Cleaver (level 9, 63/63 HPs)
             Began as a Demonspawn Berserker on Jan 19, 2021.
             Was an Elder of Trog.
             Quit the game on level 7 of the Dungeon.
             The game lasted 00:11:47 (8366 turns).

knot the Cleaver (Demonspawn Berserker)             Turns: 8366, Time: 00:11:48

Health: 63/63      AC:  9    Str: 17    XL:     9   Next: 0%
Magic:  9/9        EV: 11    Int: 13    God:    Trog [****..]
Gold:   485        SH:  0    Dex: 12    Spells: 8/8 levels left

rFire    . . .     SeeInvis .   x - +0 war axe
rCold    . . .     Faith    +   (no shield)
rNeg     . . .     Spirit   .   v - +0 scale mail
rPois    .         Reflect  .   (no helmet)
rElec    .         Harm     .   e - scarf {repulsion}
rCorr    .         Rampage  .   A - +0 pair of gloves
Will     .....                  H - +1 pair of boots
Stlth    ..........             a - amulet of faith
HPRegen  3.20/turn              (no ring)
MPRegen  0.11/turn              (no ring)

@: repel missiles
A: powered by death 2, powered by pain 1, sturdy frame 1
a: Renounce Religion, Berserk, Trog's Hand, Brothers in Arms


You were on level 7 of the Dungeon.
You worshipped Trog.
Trog was greatly pleased with you.
You visited 1 branch of the dungeon, and saw 7 of its levels.

You collected 485 gold pieces.

Inventory:

Hand Weapons
 x - a +0 war axe (weapon)
Missiles
 f - 155 stones
 o - 10 javelins
 s - 22 poisoned darts (quivered)
 w - 4 boomerangs
 y - 57 sling bullets
Armour
 d - a +0 cloak
 e - a scarf of repulsion (worn)
 v - a +0 scale mail (worn)
 A - a +0 pair of gloves (worn)
 H - a +1 pair of boots (worn)
Jewellery
 a - an amulet of faith (around neck)
 K - the ring "Efykh" {rN+ Str+2 Int+3 Stlth-, unknown}
   (You found it on level 6 of the Dungeon)

   [ring of positive energy]

   It affects your strength (+2).
   It affects your intelligence (+3).
   It protects you from negative energy.
   It makes you less stealthy.
Wands
 m - a wand of acid (9)
 I - a wand of digging (11)
Scrolls
 c - 2 scrolls of teleportation
 g - a scroll of fog
 h - a scroll of immolation
 i - a scroll of noise
 k - 2 scrolls of blinking {unknown}
 n - 2 scrolls of enchant armour {unknown}
 p - a scroll of remove curse
 q - a scroll of fear {unknown}
 t - a scroll of random uselessness {unknown}
 B - a scroll of enchant weapon {unknown}
 C - a scroll of identify {unknown}
 J - a scroll of amnesia {unknown}
 L - a scroll of vulnerability {unknown}
 M - 2 scrolls of magic mapping {unknown}
Potions
 b - 2 potions of heal wounds {unknown}
 j - a potion of might {unknown}
 l - a potion of invisibility {unknown}
 r - 2 potions of curing
 u - 2 potions of degeneration {unknown}
 z - a potion of resistance {unknown}
 D - a potion of brilliance {unknown}
 E - a potion of lignification {unknown}
 F - a potion of haste {unknown}
 G - a potion of flight {unknown}


   Skills:
 - Level 3.0 Fighting
 * Level 8.9 Axes
 * Level 6.5 Throwing
 - Level 1.7 Armour
 - Level 1.7 Dodging


You had 8 spell levels left.
You didn't know any spells.
Your spell library was empty.

Dungeon Overview and Level Annotations

Branches:
Dungeon (7/15)
 Temple: D:4-7

Altars:
Kikubaaqudgha
Sif Muna
Xom

Shops:
D:6 :


Innate Abilities, Weirdness & Mutations

You regenerate health from kills.
You sometimes gain a little power by taking damage.
Your movements are slightly less encumbered by armour. (ER -2)


Message History

The orc priest shouts!
You hear a shout!
Throw: 23 darts (poison)
Press: ? - help, Q - select action, (/) - cycle Shift-Dir - straight line, f - orc priest, p - leopard gecko
Aim: an orc priest, wielding a +0 short sword You throw a poisoned dart.
The poisoned dart hits the leopard gecko.
The leopard gecko looks as sick as possible!
The leopard gecko is moderately wounded.
The leopard gecko barely misses you.
You barely miss the leopard gecko.
The leopard gecko is heavily wounded.
You kill the leopard gecko!
Trog accepts your kill.
You have reached level 9!
Your experience leads to an increase in your attributes!
Increase (S)trength, (I)ntelligence, or (D)exterity?
You feel clever.
Your demonic ancestry asserts itself...
You feel energised by your suffering.
Are you sure you want to abandon this character and quit the game? (Confirm with "yes".)

#.........#
#.........##
#..=........
###.........#.
.........<.[.
#...(.....$.
...#....$?...#
.......@.....#
####....Z....#
#.....(.....
#######5##..
.(# .


o(o #.. .( You could see an orc priest, a white imp, an orc and a jackal zombie.

Vanquished Creatures
  A sky beast (D:5)
  5 ogres
  2 centaurs
  A big kobold (D:6)
  A bullfrog (D:6)
  2 jellies
  A centaur zombie (D:5)
  5 orc priests
  A hound (D:5)
  A bullfrog skeleton (D:5)
  An iguana (D:5)
  6 worker ants
  4 orc wizards
  2 hound skeletons
  3 gnolls (D:2)
  10 adders
  3 oozes
  2 adder skeletons
  6 worms
  A dart slug (D:2)
  8 leopard geckos
  20 orcs
  5 bats
  7 giant cockroaches
  8 goblins
  7 hobgoblins
  11 jackals
  A quokka (D:6)
  A ball python (D:3)
  A frilled lizard (D:3)
  13 kobolds
  A leopard gecko skeleton (D:4)
  9 rats
150 creatures vanquished.

Vanquished Creatures (collateral kills)
  2 slime creatures (D:6)
  6 jellies (D:6)
  2 oozes (D:6)
10 creatures vanquished.

Vanquished Creatures (others)
  6 fungi (D:6)
  4 plants (D:7)
  5 toadstools (D:6)
15 creatures vanquished.

Grand Total: 175 creatures vanquished

Notes
Turn   | Place    | Note
-------+----------+-------------------------------------------
     0 | D:1      | knot the Demonspawn Berserker began the quest for the Orb.
     0 | D:1      | Reached XP level 1. HP: 18/18 MP: 1/1
   387 | D:1      | Reached skill level 3 in Axes
   752 | D:1      | Gained mutation: You regenerate a little health from kills.
                  | [demonic ancestry]
   752 | D:1      | Reached XP level 2. HP: 20/24 MP: 2/2
  1633 | D:2      | Reached ** piety under Trog
  1634 | D:2      | Reached XP level 3. HP: 26/29 MP: 3/3
  1638 | D:2      | Reached skill level 4 in Axes
  1962 | D:2      | Gained mutation: Your movements are slightly less
                  | encumbered by armour. (ER -2) [demonic ancestry]
  1962 | D:2      | Reached XP level 4. HP: 22/35 MP: 4/4
  2252 | D:2      | Found a shimmering altar of Xom.
  3206 | D:3      | Reached skill level 5 in Axes
  3459 | D:3      | Reached XP level 5. HP: 36/41 MP: 5/5
  4837 | D:4      | Reached *** piety under Trog
  4838 | D:4      | Reached skill level 1 in Throwing
  4999 | D:4      | Gained mutation: You regenerate health from kills. [demonic
                  | ancestry]
  4999 | D:4      | Reached XP level 6. HP: 43/47 MP: 6/6
  5104 | D:4      | Reached skill level 6 in Axes
  5521 | D:4      | Reached XP level 7. HP: 39/52 MP: 7/7
  6058 | D:5      | Entered Level 5 of the Dungeon
  6645 | D:5      | Reached skill level 7 in Axes
  6826 | D:5      | Reached XP level 8. HP: 58/58 MP: 8/8
  7130 | D:5      | Found a shimmering altar of Xom.
  7133 | D:5      | Found an ancient bone altar of Kikubaaqudgha.
  7136 | D:5      | Found a shimmering blue altar of Sif Muna.
  7385 | D:5      | Reached skill level 5 in Throwing
  7484 | D:5      | Reached skill level 8 in Axes
  7655 | D:6      | Reached **** piety under Trog
  7839 | D:6      | Got a steaming ivory ring
  8049 | D:6      | Found Jasarruj's Book Emporium.
  8237 | D:6      | Noticed a slime creature
  8240 | D:6      | Noticed a slime creature
  8251 | D:6      | Killed a slime creature
  8258 | D:6      | Killed a slime creature
  8366 | D:7      | Gained mutation: You sometimes gain a little power by
                  | taking damage. [demonic ancestry]
  8366 | D:7      | Reached XP level 9. HP: 63/63 MP: 9/9
  8366 | D:7      | Quit the game

Illustrated notes

Levels and vault maps discovered:
D:1:      lightli_arrival_chessboard, layout_loops_ring
D:2:      layout_rooms, brannock_xom_greatest_gift
D:3:      layout_loops_ring, minmay_joined_circles
D:4:      layout_basic
D:5:      layout_gridville, grunt_temple_overflow_diamond
D:6:      cheibrodos_fertilizer, layout_cave_pools, serial_shops, shop
D:7:      layout_rooms, minmay_temple_entry_overgrown,
          nicolae_qazlal_general_emergency, uniq_harold, uniq_duvessa

Skill      XL: |  1  2  3  4  5  6  7  8 |
---------------+-------------------------+-----
Axes           | 3 4 5 6 7 8 |  8.9
Throwing       | 1 3 4 6 |  6.5
Fighting       | |  3.0
Armour         | |  1.7
Dodging        | |  1.7

Action                   |  1- 3 |  4- 6 |  7- 9 || total
-------------------------+-------+-------+-------++-------
Melee: Hand axe          |   104 |    72 |       ||   176
       War axe           |       |   153 |   131 ||   284
Throw: Stone             |     6 |       |       ||     6
       Dart              |       |    38 |    57 ||    95
Invok: Berserk           |     6 |     7 |     3 ||    16
       Trog's Hand       |       |     1 |     1 ||     2
       Brothers in Arms  |       |       |     2 ||     2
  Use: Scroll            |       |     2 |     4 ||     6
Armor: Animal skin       |     8 |       |       ||     8
       Ring mail         |    29 |    11 |       ||    40
       Scale mail        |       |    59 |    57 ||   116
Dodge: Dodged            |    71 |   140 |   100 ||   311
       Repelled          |       |     3 |       ||     3

Table legend: (Time is in decaauts)
 A = Elapsed time spent in this place.
 B = Non-inter-level travel time spent in this place.
 C = Inter-level travel time spent in this place.
 D = Time resting spent in this place.
 E = Time spent auto-exploring this place.
 F = Levels seen in this place.
 G = Mean time per level.
                   A        B        C        D        E       F      G
               +--------+--------+--------+--------+--------+-----+--------+
         Total |   8570 |   8216 |    354 |   3315 |   3698 |   7 | 1224.3 |
       Dungeon |   8570 |   8216 |    354 |   3315 |   3698 |   7 | 1224.3 |
               +--------+--------+--------+--------+--------+-----+--------+

Top non-repeatable levels by time:
     D:2: 1970 daAuts
     D:1: 1685 daAuts
     D:4: 1590 daAuts
     D:3: 1292 daAuts
     D:5: 1273 daAuts
     D:6: 745 daAuts
     D:7: 12 daAuts
